 Dungeon Crawl Stone Soup version 0.31.0-4-g52a2dc7128 (webtiles) character file.

Game seed: 17343061612021636737

7 Strat the Cutter (level 2, 0/17 HPs)
             Began as a Kobold Reaver on Jan 22, 2024.
             Frozen to death by an endoplasm (5 damage)
             ... on level 1 of the Dungeon.
             The game lasted 00:00:51 (145 turns).

Strat the Cutter (Kobold Reaver)                     Turns: 145, Time: 00:00:51

Health: 0/17       AC:  3    Str:  9    XL:     2   Next: 5%
Magic:  5/5        EV: 14    Int: 14    God:
Gold:   11         SH:  0    Dex: 13    Spells: 4/5 levels left

rFire   . . .        a - +0 short sword
rCold   . . .        (no shield)
rNeg    . . .        b - +0 leather armour
rPois   .            (no helmet)
rElec   .            (no cloak)
rCorr   .            (no gloves)
SInv    .            (no boots)
Will    .....        (no amulet)
Stlth   ++           (no ring)
HPRegen 0.22/turn    (no ring)
MPRegen 0.09/turn

%: no passive effects
@: no status effects
A: small, no large weapons, nightstalker 3
a: no special abilities


You were on level 1 of the Dungeon.
You visited 1 branch of the dungeon, and saw 1 of its levels.

You collected 11 gold pieces.

Inventory:

Hand Weapons
 a - a +0 short sword (weapon)
Armour
 b - a +0 leather armour (worn)
Scrolls
 c - a scroll of amnesia {unknown}
 d - a scroll of identify {unknown}


   Skills:
 - Level 2.1 Fighting
 + Level 4.2 Short Blades
 - Level 2.4 Dodging
 + Level 1.1 Stealth
 - Level 2.1 Spellcasting
 + Level 3.1 Conjurations


You had 4 spell levels left.
You knew the following spells:

 Your Spells              Type           Power      Damage    Failure   Level
a - Kiss of Death         Conj/Necr      20%        2d7       17%         1

Your spell library contained the following spells:

 Spells                   Type           Power      Damage    Failure   Level
 Momentum Strike          Conj/Tloc      10%        3d8       26%         2
 Hailstorm                Conj/Ice       5%         3d5       45%         3


Dungeon Overview and Level Annotations

Branches:
Dungeon (1/15)

Altars:


Innate Abilities, Weirdness & Mutations

You are small and have problems with some larger weapons.
You are completely attuned to the shadows.


Message History

You see here a jackal corpse.
The jackal attacks as it pursues you! The jackal closely misses you. x2
You miss the jackal.
The jackal bites you but does no damage.
You closely miss the jackal. Your punch misses the jackal.
The jackal bites you.
* * * LOW HITPOINT WARNING * * *
The jackal closely misses you.
You barely miss the jackal. The jackal barely misses you.
You hit the jackal.
The jackal is lightly wounded.
The jackal bites you but does no damage.
You hit the jackal.
The jackal is heavily wounded.
The jackal barely misses you.
You closely miss the jackal.
The jackal is heavily wounded.
The jackal closely misses you.
You closely miss the jackal.
The jackal is heavily wounded.
The jackal bites you but does no damage.
You hit the jackal.
You kill the jackal!
You have reached level 2!
You hit the endoplasm but do no damage. The endoplasm freezes you.
You are frozen.
* * * LOW HITPOINT WARNING * * *
You barely miss the endoplasm.
The endoplasm hits you but does no damage.
You hit the endoplasm.
The endoplasm is lightly wounded.
The endoplasm hits you but does no damage.
You hit the endoplasm.
The endoplasm is severely wounded.
You hit the endoplasm but do no damage.
The endoplasm is severely wounded.
The endoplasm freezes you.
You are frozen.
You die...

#..###†#.#
#.#.#....#
#.##.#.#.....
#.####.####..
#..........#.
#..###.###S#
#..# #.# .#
#..###.###.#.#
....@JS..†...#
#..###†###.###
#. #.# .# #
#.. .. ....
..#


You could see an endoplasm and a ball python.

Vanquished Creatures
  A bat (D:1)
  4 jackals (D:1)
5 creatures vanquished.

Notes
Turn   | Place    | Note
-------+----------+-------------------------------------------
     0 | D:1      | Strat the Kobold Reaver began the quest for the Orb.
     0 | D:1      | Reached XP level 1. HP: 12/12 MP: 3/3
   123 | D:1      | Reached skill level 1 in Stealth
   141 | D:1      | Reached XP level 2. HP: 8/17 MP: 5/5
   145 | D:1      | Frozen to death by an endoplasm

Illustrated notes

Levels and vault maps discovered:
D:1:      minmay_arrival_shattered_statue, layout_loops_ring,
          ebering_ecumenical_altar_mist

Skill      XL: |  1 |
---------------+----+-----
Stealth        | 1 |  1.1
Fighting       | |  2.1
Short Blades   | |  4.2
Dodging        | |  2.4
Spellcasting   | |  2.1
Conjurations   | |  3.1

Action                     || total
---------------------------++-------
  Melee: Short sword       ||    31
   Stab: Sleeping          ||     3
 Armour: Leather armour    ||    16
  Dodge: Dodged            ||    19
